 Dungeon Crawl Stone Soup version 0.21.0-3-g78d12a8 (webtiles) character file.

1165 pstr the Digger (level 8, -3/67 HPs)
             Began as a Naga Earth Elementalist on Jan 17, 2018.
             Was a Follower of Sif Muna.
             Slain by a porcupine (4 damage)
             ... on level 9 of the Dungeon.
             The game lasted 00:16:27 (8165 turns).

pstr the Digger (Naga Earth Elementalist)           Turns: 8165, Time: 00:16:30

Health: -3/67      AC:  3    Str: 14    XL:     8   Next: 40%
Magic:  14/15      EV: 11    Int: 18    God:    Sif Muna [*.....]
Gold:   295        SH:  0    Dex: 15    Spells: 5/17 levels left

rFire    + . .     SeeInvis +   B - +0 long sword (holy)
rCold    . . .     Gourm    .   (no shield)
rNeg     . . .     Faith    .   c - +0 robe
rPois    +         Spirit   .   (no helmet)
rElec    .         Reflect  .   (no cloak)
rCorr    .         Harm     .   (no gloves)
MR       +....                  (no barding)
Stlth    +++.......             i - amulet of rage
HPRegen  0.21/turn              x - +4 ring of dexterity
MPRegen  0.14/turn              C - +3 ring of strength

@: lethally poisoned (-3 -> -3), hasted, quick
A: large, stinger 1, see invisible, deformed body, fire resistance 1, poison
resistance, slowness 2, slow metabolism 1, spit poison 1, AC +2
a: Spit Poison, Divine Energy, Renounce Religion, Evoke Berserk Rage


You were on level 9 of the Dungeon.
You worshipped Sif Muna.
Sif Muna was aware of your devotion.
You were not hungry.

You visited 1 branch of the dungeon, and saw 8 of its levels.

You collected 295 gold pieces.

Inventory:

Hand Weapons
 a - a +0 club
 f - a +0 short sword
 w - a +0 falchion
 B - a +0 long sword of holy wrath (weapon)
 H - a +0 giant spiked club
Missiles
 b - 133 stones (quivered)
 G - 15 arrows
Armour
 c - a +0 robe (worn)
 l - a +0 leather armour
 q - a +0 leather armour
Jewellery
 i - an amulet of rage (around neck)
 u - a cursed amulet of rage
 x - a +4 ring of dexterity (left hand)
 C - a +3 ring of strength (right hand)
 J - an uncursed ring of flight {unknown}
Wands
 p - a wand of paralysis (14)
 r - a wand of digging (16)
 D - a wand of polymorph (13)
 K - a wand of random effects (37)
Scrolls
 g - 8 scrolls of identify
 h - 5 scrolls of remove curse
 j - 3 scrolls of enchant weapon {unknown}
 n - 2 scrolls of teleportation {unknown}
 o - a scroll of random uselessness {unknown}
 s - a scroll of blinking {unknown}
 t - a scroll of amnesia {unknown}
 y - 3 scrolls of fear {unknown}
 A - 2 scrolls of magic mapping {unknown}
 E - a scroll of noise {unknown}
Potions
 k - a potion of agility
 m - a potion of brilliance {unknown}
 z - 4 potions of heal wounds {unknown}
 L - a potion of cancellation {unknown}
Books
 e - a book of Geomancy

   Spells                             Type                      Level
   a - Sandblast                      Earth                        1
   b - Passwall                       Transmutation/Earth          2
   c - Stone Arrow                    Conjuration/Earth            3
   d - Petrify                        Transmutation/Earth          4
   e - Lee's Rapid Deconstruction     Earth                        5
 v - Vehumet's Incunabulum of Conjuration
   (You found it on level 2 of the Dungeon)

   Spells                             Type                      Level
   a - Magic Dart                     Conjuration                  1
 F - a book of Changes

   Spells                             Type                      Level
   a - Beastly Appendage              Transmutation                1
   b - Sticks to Snakes               Transmutation                2
   c - Spider Form                    Transmutation/Poison         3
   d - Ice Form                       Ice/Transmutation            4
   e - Blade Hands                    Transmutation                5
Comestibles
 d - 12 rations


   Skills:
 + Level 1.8 Fighting
 + Level 1.2(1.3) Short Blades
 + Level 0.4(1.0) Long Blades
 + Level 2.5 Dodging
 + Level 4.4 Stealth
 + Level 5.3 Spellcasting
 + Level 3.2 Conjurations
 + Level 1.0 Transmutations
 + Level 6.4 Earth Magic
 + Level 0.5 Evocations


You had 5 spell levels left.
You knew the following spells:

 Your Spells              Type           Power        Failure   Level  Hunger
a - Sandblast             Erth           ####..       1%          1    None
b - Stone Arrow           Conj/Erth      ###...       5%          3    ##.....
c - Magic Dart            Conj           ###.         3%          1    None
d - Lee's Rapid Deconstr  Erth           ####......   26%         5    ######.
e - Sticks to Snakes      Tmut           #.......     13%         2    #......


Dungeon Overview and Level Annotations

Branches:
Dungeon (7/15)               Lair (0/6) D:9
 Temple: D:4-7

Altars:
Dithmenos
Kikubaaqudgha
Makhleb
Sif Muna
Trog
Vehumet
Zin

Shops:
D:5 !

Annotations:
D:9 Pikel


Innate Abilities, Weirdness & Mutations

You cannot wear boots.
Your serpentine skin is tough. (AC +2)
You have supernaturally acute eyesight. (SInv)
Armour fits poorly on your strangely shaped body.
Your system is resistant to poisons. (rPois)
You cover ground very slowly.
You have a slow metabolism.
You can spit poison.
Your tail ends in a poisonous barb.
Your flesh is heat resistant. (rF+)


Message History

The killer bee stings the plant but does no damage.
The hound bites you.
Found a potion of berserk rage.
Something stings the plant but does no damage. x2
The bullfrog hits you but does no damage.
You feel sick. The bullfrog hits you.
The bullfrog barely misses you. x2; You riposte.
You closely miss the bullfrog. The bullfrog barely misses you.
You feel sick. The porcupine closely misses you. The bullfrog hits you.
The bullfrog hits you. The bullfrog misses you.
You riposte.
You slash the bullfrog!
Your tail-slap misses the bullfrog.
The bullfrog is moderately wounded.
You feel yourself speed up.
You feel sick. The porcupine bites you!
* * * LOW HITPOINT WARNING * * *
The bullfrog hits you.
* * * LOW HITPOINT WARNING * * *
The porcupine twitches its whiskers.
The porcupine bites you.
You die... #.PPP..P.PPP

#####....P.P>PPP
##....P.PP.P.P..P
#....r..P.PPyPP.P
#.p###r.PPPP.P.P.
#..r###..PPP..P.P
##ar###..pPP..PP.
##hF###PK.P.P.PP
##r@.#.....PPP.PP.
##..p..KPP....P..
##...P..P..P....
#..###........#
##.# .#......#
#.###....[...#
#...###.......
#.....r...#
#.......###


You could see Pikel, 2 slaves, a bullfrog, 3 porcupines, a hound and a worker
ant.

Vanquished Creatures
  Sigmund (D:5)
  A sky beast (D:6)
  An ogre (D:6)
  The ghost of Nattefrost the Chucker, an amateur HOHu (D:3)
  The ghost of feelmyfire the Insei, an amateur DgTm (D:4)
  A centaur (D:5)
  A bullfrog (D:6)
  A wyvern skeleton (D:5)
  A howler monkey (D:4)
  2 bullfrog zombies
  An orc priest (D:3)
  An iguana (D:5)
  An orc wizard (D:5)
  2 worker ants (D:4)
  Ijyb (D:3)
  A hound skeleton (D:6)
  8 adders
  2 shadow imps
  2 oozes
  2 adder skeletons (D:5)
  4 worms
  3 dart slugs
  4 leopard geckos
  10 orcs
  2 ball pythons (D:2)
  8 bats
  3 giant cockroaches
  2 goblins (D:1)
  10 hobgoblins
  11 kobolds
  4 frilled lizards
  A quokka skeleton (D:5)
  6 rats
100 creatures vanquished.

Vanquished Creatures (others)
  4 fungi (D:9)
  A plant (D:9)
5 creatures vanquished.

Grand Total: 105 creatures vanquished

Notes
Turn   | Place    | Note
-------+----------+-------------------------------------------
     0 | D:1      | pstr the Naga Earth Elementalist began the quest for the Orb.
     0 | D:1      | Reached XP level 1. HP: 15/15 MP: 3/3
   393 | D:1      | Reached XP level 2. HP: 22/22 MP: 0/5
  1242 | D:2      | Reached XP level 3. HP: 28/28 MP: 4/6
  1247 | D:2      | Learned a level 3 spell: Stone Arrow
  1579 | D:2      | Reached skill level 4 in Earth Magic
  1684 | D:2      | Reached XP level 4. HP: 36/36 MP: 1/8
  2105 | D:2      | Found an ancient bone altar of Kikubaaqudgha.
  2106 | D:2      | Found a deep blue altar of Sif Muna.
  2108 | D:2      | Found a radiant altar of Vehumet.
  2112 | D:2      | Identified Vehumet's Incunabulum of Conjuration
  2122 | D:2      | Became a worshipper of Sif Muna the Loreminder
  2495 | D:3      | Reached skill level 1 in Conjurations
  2495 | D:3      | Reached XP level 5. HP: 42/42 MP: 0/9
  2833 | D:3      | Found a bloodstained altar of Trog.
  3506 | D:3      | Found a shadowy altar of Dithmenos.
  3569 | D:3      | Noticed Nattefrost's ghost (amateur HOHu)
  3606 | D:3      | Killed Nattefrost's ghost
  3606 | D:3      | Reached XP level 6. HP: 39/50 MP: 11/11
  4093 | D:3      | Noticed Ijyb
  4099 | D:3      | Killed Ijyb
  4105 | D:3      | Found a glowing silver altar of Zin.
  4258 | D:4      | Noticed feelmyfire's ghost (amateur DgTm)
  4279 | D:4      | Gained mutation: Your flesh is heat resistant. (rF+) [potion of mutation]
  4279 | D:4      | Gained mutation: Your tail ends in a poisonous barb. [potion of mutation]
  4284 | D:4      | HP: 1/50 [feelmyfire's ghost (3)]
  4642 | D:4      | Killed feelmyfire's ghost
  4642 | D:4      | Reached skill level 1 in Short Blades
  4642 | D:4      | Reached skill level 5 in Earth Magic
  4902 | D:4      | Reached skill level 1 in Fighting
  4902 | D:4      | Reached XP level 7. HP: 13/57 MP: 0/13
  5616 | D:5      | Entered Level 5 of the Dungeon
  5657 | D:5      | Reached * piety under Sif Muna
  6004 | D:5      | Found a burning altar of Makhleb.
  6367 | D:5      | Found Bosaodd's Distillery.
  6462 | D:5      | Learned a level 1 spell: Magic Dart
  6468 | D:5      | Learned a level 5 spell: Lee's Rapid Deconstruction
  6471 | D:5      | Learned a level 2 spell: Sticks to Snakes
  6660 | D:5      | Noticed Sigmund
  6676 | D:5      | Killed Sigmund
  6676 | D:5      | Reached XP level 8. HP: 25/64 MP: 2/15
  7394 | D:6      | Reached skill level 5 in Spellcasting
  7394 | D:6      | Reached skill level 6 in Earth Magic
  8131 | D:7      | You fall through a shaft for 2 floors!
  8139 | D:9      | Noticed Pikel
  8152 | D:9      | Found a staircase to the Lair.
  8165 | D:9      | HP: 1/67 [bullfrog (5)]
  8165 | D:9      | Slain by a porcupine

Skill      XL: |  1  2  3  4  5  6  7  8 |
---------------+-------------------------+-----
Earth Magic    | 4 5 6 |  6.4
Spellcasting   | 3 4 5 |  5.3
Conjurations   | 1 2 3 |  3.2
Dodging        | 2 |  2.5
Short Blades   | 1 |  1.2
Fighting       | 1 |  1.8
Stealth        | 4 |  4.4
Long Blades    | |  0.4
Transmutations | |  1.0
Evocations     | |  0.5

Action                   |  1- 3 |  4- 6 |  7- 9 || total
-------------------------+-------+-------+-------++-------
Melee: Short sword       |     8 |    55 |       ||    63
       Unarmed           |     2 |       |       ||     2
       Long sword        |       |       |     6 ||     6
       Tailslap          |       |       |     1 ||     1
 Cast: Sandblast         |    32 |    31 |     9 ||    72
       Stone Arrow       |     9 |    43 |    52 ||   104
       Magic Dart        |       |       |     4 ||     4
 Abil: Spit Poison       |     9 |    18 |     7 ||    34
       Evoke Berserk Rag |       |     1 |       ||     1
  Use: Potion            |       |     7 |     1 ||     8
       Scroll            |       |     1 |       ||     1
  Eat: Chunk             |     3 |    12 |    12 ||    27
       Ration            |       |     1 |       ||     1
Armor: Robe              |     3 |    16 |     8 ||    27
       Skin              |       |    11 |       ||    11
Dodge: Dodged            |    22 |    46 |    35 ||   103
       Rpst.: Long sword |       |       |    12 ||    12
